 Dungeon Crawl Stone Soup version 0.18.1-50-g88ac8fd (webtiles) character file.

356758 Aleksmastering the Peltast (level 21, -4/179 HPs)
             Began as a Demonspawn Berserker on Sept 18, 2016.
             Was the Champion of Trog.
             Slain by a large slime creature (37 damage)
             ... on level 4 of the Pits of Slime on Sept 20, 2016.
             The game lasted 10:08:57 (49344 turns).

Aleksmastering the Peltast (Demonspawn Berserker)  Turns: 49344, Time: 10:08:57

Health: -4/179     AC: 10    Str: 28    XL:     21   Next: 40%
Magic:  28/28      EV: 13    Int: 13    God:    Trog [******]
Gold:   627        SH: 33    Dex:  9    Spells: 0 memorised, 20 levels left

rFire  + . .     SeeInvis +     U - +11 falchion of Fury {drain, rC+ MR+ Int+4}
rCold  + . .     Gourm    .     w - +6 swamp dragon armour
rNeg   . . .     Faith    .     G - +2 large shield
rPois  +         Spirit   .     (helmet unavailable)
rElec  .         Dismiss  .     p - +2 cloak
rCorr  +         Reflect  +     s - +0 pair of gloves of Refuge {rPois rF+ Str+2 Dex-3}
SustAt .         Harm     .     d - +2 pair of boots {run}
MR     ++...     Rnd*Rage +     J - brooch of Shielding {Reflect SH+8}
Stlth  +++....... Rnd*Tele +    Q - ring of resist corrosion
                                H - +4 ring of slaying

@: exhausted, corroded, slowed, very slow, very resistant to hostile
enchantments, fairly stealthy
A: antennae 3, repulsion field 2, berserk 1, dopey 1, nightstalker 3, powered by
death 3, teleportitis 1
a: Berserk, Trog's Hand, Brothers in Arms, Burn Spellbooks, Renounce Religion
}: 2/15 runes: barnacled, gossamer


You were on level 4 of the Pits of Slime.
You worshipped Trog.
Trog was exalted by your worship.
You were not hungry.

You visited 8 branches of the dungeon, and saw 41 of its levels.
You visited 1 bazaar.
You also visited: Volcano and Wizlab.

You collected 4388 gold pieces.
You spent 3707 gold pieces at shops.

Inventory:

Hand Weapons
 l - the +9 scimitar of Division {drain, Dex+7}
   (Trog gifted it to you on level 14 of the Dungeon)

   A truly terrible weapon, it drains the life of those it strikes.
   It affects your dexterity (+7).
 o - the +11 scimitar of the Present {drain, rF++ Int-2}
   (Trog gifted it to you on level 3 of the Elven Halls)

   A truly terrible weapon, it drains the life of those it strikes.
   It affects your intelligence (-2).
   It greatly protects you from fire.
 O - the +4 scimitar "Ahuculi" {freeze, +Fly rPois}
   (You found it on level 14 of the Dungeon)

   It has been specially enchanted to freeze those struck by it, causing extra
   injury to most foes and up to half again as much damage against particularly
   susceptible opponents.
   It can also slow down cold-blooded creatures.
   It protects you from poison.
   It lets you fly.
 P - a +5 demon blade of flaming
 S - the +7 scimitar of Dishonesty {speed, rN+++ MR+++ MP-9 Str-2}
   (You found it on level 3 of the Elven Halls)

   Attacks with this weapon are significantly faster.
   It affects your strength (-2).
   It renders you almost immune to negative energy.
   It affects your resistance to hostile enchantments.
   It affects your magic capacity (-9).
 U - the +11 falchion of Fury (weapon) {drain, rC+ MR+ Int+4}
   (You bought it in a shop in a bazaar)

   A truly terrible weapon, it drains the life of those it strikes.
   It affects your intelligence (+4).
   It protects you from cold.
   It affects your resistance to hostile enchantments.
Missiles
 L - 24 poisoned javelins (quivered)
Armour
 a - a quicksilver dragon armour
 d - a +2 pair of boots of running (worn)
 p - a +2 cloak (worn)
 s - the +0 pair of gloves of Refuge (worn) {rPois rF+ Str+2 Dex-3}
   (You bought it in a shop in a bazaar)

   It affects your strength (+2).
   It affects your dexterity (-3).
   It protects you from fire.
   It protects you from poison.
 w - a +6 swamp dragon armour (worn)
 C - the +0 pair of gloves of Dogh {Slay+5}
   (You acquired it on level 8 of the Lair of Beasts)

   It affects your accuracy and damage with ranged weapons and melee attacks
   (+5).
 G - a +2 large shield (worn)
Jewellery
 t - a +3 ring of strength
 H - a +4 ring of slaying (left hand)
 J - the brooch of Shielding (around neck) {Reflect SH+8}
   (You bought it in a shop on level 7 of the Dungeon)

   [amulet of reflection]

   It shields you and reflects attacks.
   It affects your SH (+8).
 Q - a ring of resist corrosion (right hand)
Wands
 r - a wand of paralysis (14/24)
 Y - a wand of digging (7/24)
Scrolls
 b - 4 scrolls of teleportation
 e - 13 scrolls of remove curse
 f - 5 scrolls of magic mapping
 B - 5 scrolls of identify
 D - 3 scrolls of fear
 K - 8 scrolls of fog
 X - 2 scrolls of summoning
Potions
 i - 3 potions of lignification
 j - 9 potions of curing
 k - 2 potions of invisibility
 n - 2 potions of heal wounds
 F - a potion of might
 I - 2 potions of haste
 R - 2 potions of agility
 Z - 2 potions of resistance
Miscellaneous
 h - a lamp of fire
 u - a sack of spiders {used: 5}
 v - a plain deck of changes {the Mercenary, drawn: 1}
 x - a plain deck of war {Foxfire}
 y - a stone of tremors
 z - a fan of gales
 E - a plain deck of defence {drawn: 1}
 M - a plain deck of defence {the Banshee, drawn: 1}
 T - a plain deck of summoning {the Crusade}
 W - 2 phantom mirrors
Comestibles
 c - 22 bread rations
 g - 5 meat rations
 m - 5 beef jerkies
 q - 16 fruits
 A - 10 slices of pizza


   Skills:
 * Level 18.8 Fighting
 - Level 14.4 Long Blades
 * Level 14.6 Armour
 - Level 1.8 Dodging
 + Level 20.0 Shields
 * Level 9.4 Evocations


You had 20 spell levels left.
You didn't know any spells.

Dungeon Overview and Level Annotations

Branches:
Dungeon (15/15)            Temple (1/1) D:4            Lair (8/8) D:9
 Shoals (4/4) Lair:6       Spider (4/4) Lair:4        Slime (4/6) Lair:7
    Orc (2/2) D:12            Elf (3/3) Orc:2        Vaults (0/5) D:13
 Depths: D:15

Altars:
Ashenzari
Cheibriados
Dithmenos
Elyvilon
Fedhas
Gozag
Kikubaaqudgha
Makhleb
Nemelex Xobeh
Okawaru
Pakellas
Qazlal
Ru
Sif Muna
Trog
Vehumet
Xom
Yredelemnul
Zin
The Shining One
Beogh
Jiyva
Lugonu

Shops:
D:7 [:=::   Orc:2 *([=

Annotations:
D:3 Sigmund
D:7 schammes's ghost, novice DsCK


Innate Abilities, Weirdness & Mutations

You have a pair of large antennae on your head (SInv).
You are surrounded by a moderate repulsion field (EV +3).
You are completely attuned to the shadows.
You regenerate a lot of health from kills.
You tend to lose your temper in combat.
You are dopey. (Int -2)
You are occasionally teleported next to monsters.


Message History

Here: a death ooze The floor.
Press: ? - help, v - describe, . - travel
Here: an azure jelly The floor, spattered with blood.
You draw a card...
It is the Alchemist.
You feel better. 54 of your gold pieces vanish!
You block the azure jelly's attack. x3
The azure jelly hits you. The large slime creature hits you!
You block the slime creature's attack. The slime creature misses you.
The enormous slime creature misses you. The death ooze hits you.
The death ooze hits you!
* * * LOW HITPOINT WARNING * * *
The azure jelly closely misses you. The azure jelly barely misses you.
The azure jelly hits you!
* * * LOW HITPOINT WARNING * * *
The azure jelly hits you!
* * * LOW HITPOINT WARNING * * *
Two slime creatures merge to form an enormous slime creature.
A large slime creature splits.
The large slime creature hits you!!!
You die...

## #.#...#.......#...
.##.##.................
...^........<.....<..<.
..........#............
.........#.#..........#
.#..............#...###
#..........#.........
##.....J..........
#...J@J..........
##J.JJJ..........
.#J..JJ....#....
J.#.........#...
.J.(#...........
....#...... ........ {{
{ {


You could see an azure jelly, a titanic slime creature, 2 enormous slime
creatures, a large slime creature, 6 slime creatures and a death ooze.

Vanquished Creatures
  Norris (Spider:4)
  Arachne (Spider:2)
  A Cloud Mage (WizLab)
  4 deep elf blademasters (Elf:3)
  Polyphemus (Shoals:3)
  9 acid blobs
  The ghost of Kloppie the Warrior, an adept HOBe of Trog (Shoals:3)
  4 azure jellies
  Donald (Orc:2)
  2 ghost moths (Spider:4)
  Maud (Lair:5)
  3 deep elf sorcerers (Elf:3)
  Louise (Elf:2)
  2 orc warlords (Orc:1)
  Aizul (Spider:1)
  5 emperor scorpions
  3 deep elf elementalists (Elf:3)
  A stone giant (Orc:2)
  4 deep elf demonologists
  Azrael (D:14)
  A spark wasp (Spider:4)
  6 deep elf annihilators (Elf:3)
  Snorg (Orc:1)
  3 merfolk javelineers (Shoals:4)
  A fire dragon (D:14)
  7 merfolk impalers
  The ghost of daweed the Grappler, a journeyman TrBe of Trog (Lair:1)
  6 deep elf death magi
  A deep elf high priest (Elf:1)
  3 great orbs of eyes
  3 spriggan air magi (WizLab)
  10 hydras
  A catoblepas (Shoals:3)
  A merfolk avatar (Shoals:2)
  2 centaur warriors (D:13)
  An alligator snapping turtle (Shoals:2)
  6 merfolk aquamancers
  2 satyrs
  A queen ant (Spider:4)
  9 death yaks
  16 dancing weapons
  3 orc high priests
  17 deep elf knights
  A fire crab (shapeshifter) (Elf:2)
  A small abomination (Elf:3)
  14 sea snakes
  9 deep elf archers
  3 unseen horrors
  5 orc knights
  3 hill giants
  A necromancer (Lair:6)
  12 harpies
  2 wolf spider zombies
  A wizard (D:14)
  20 orb spiders
  5 orc sorcerers
  7 fauns
  31 wolf spiders
  3 shining eyes
  62 deep elf magi
  5 hornets
  9 griffons
  12 ugly things
  A centaur zombie (D:10)
  A toenail golem (Volcano)
  5 cyclopes
  8 sirens
  9 manticores
  5 elephants (Lair:7)
  3 black mambas
  A guardian serpent (shapeshifter) (D:13)
  2 molten gargoyles (Volcano)
  An octopode (shapeshifter) (Elf:1)
  4 water nymphs
  Joseph (Lair:1)
  An eye of devastation (Slime:1)
  12 spiny frogs
  2 gargoyles
  3 centaur skeletons
  2 torpor snails
  A freezing wraith (D:11)
  A spriggan druid (Lair:8)
  2 rime drakes
  2 efreet
  10 komodo dragons
  9 demonic crawlers
  33 merfolk
  A queen bee (Spider:1)
  12 trolls
  A two-headed ogre (shapeshifter) (D:14)
  4 two-headed ogres
  9 polar bears
  17 blink frogs
  71 slime creatures
  30 jumping spiders
  10 wind drakes
  Grinder (D:6)
  A raiju (shapeshifter) (D:13)
  Prince Ribbit (D:5)
  9 snapping turtles
  27 water elementals
  58 redbacks
  A vampire (D:14)
  A shadow (D:12)
  38 air elementals
  39 yaks
  12 spriggans
  33 tarantellas
  9 fire elementals
  4 fire bats
  Eustachio (D:4)
  A wyvern (D:10)
  2 wraiths
  7 golden eyes
  2 hungry ghosts (D:9)
  8 basilisks
  Grum (D:8)
  14 hippogriffs
  A hippogriff (shapeshifter) (Orc:2)
  A mottled dragon (D:11)
  4 wargs
  3 soldier ants (Spider:4)
  Duvessa (D:5)
  13 insubstantial wisps (WizLab)
  23 water moccasins
  4 hell hounds (D:14)
  48 orc warriors
  14 porcupines
  7 black bears
  10 ice beasts
  4 wasps
  5 eyes of draining
  3 phantoms
  A necrophage (D:12)
  3 sky beasts
  20 ogres
  15 crocodiles
  25 wolves
  9 centaurs
  4 big kobolds
  26 giant frogs
  5 earth elementals
  2 gnoll sergeants
  Dowan (D:5)
  A scorpion (D:9)
  12 wights
  14 killer bees
  A howler monkey (D:11)
  2 electric eels
  8 crimson imps
  A wasp zombie (D:10)
  A lava snake (Volcano)
  A quasit (D:5)
  11 hounds
  15 orc priests
  A giant frog zombie (D:11)
  21 jellies
  29 orc wizards
  5 iguanas
  6 polar bear simulacra (Lair:6)
  17 worker ants
  2 yak simulacra (Lair:6)
  21 sheep
  A wolf simulacrum (Lair:6)
  A hound skeleton (D:6)
  3 hound zombies
  3 gnolls
  2 howler monkey skeletons
  17 adders
  58 river rats
  5 shadow imps
  A white imp (D:4)
  An adder zombie (D:7)
  An adder skeleton (D:9)
  2 worms
  2 dart slugs
  6 giant geckos
  77 orcs
  2 ball pythons
  4 giant cockroaches
  4 goblins (D:2)
  5 hobgoblins
  9 jackals
  3 quokkas
  A giant gecko skeleton (D:7)
  A giant newt (D:5)
  2 goblin skeletons (D:4)
  4 hobgoblin zombies (D:4)
  19 kobolds
  3 kobold skeletons (D:4)
  2 orc zombies (D:4)
  4 rats
  2 river rat simulacra (Lair:6)
  A crawling corpse (Elf:3)
  4 fungi
  2 plants
  A tentacle (Shoals:4)
1573 creatures vanquished.

Vanquished Creatures (collateral kills)
  Saint Roka (Orc:2)
  A deep elf blademaster (Elf:2)
  A deep elf master archer (Elf:3)
  A kraken (Shoals:4)
  Agnes (D:14)
  Roxanne (Elf:1)
  Ilsuiw (Shoals:4)
  2 deep elf sorcerers (Elf:3)
  2 emperor scorpions (Spider:4)
  4 deep elf elementalists (Elf:3)
  A deep elf demonologist (Elf:3)
  2 deep elf annihilators (Elf:3)
  2 merfolk impalers (Shoals:4)
  4 deep elf death magi (Elf:3)
  3 merfolk javelineers (Shoals:4)
  A deep elf high priest (Elf:3)
  A merfolk avatar (Shoals:4)
  Erolcha (D:10)
  10 dancing weapons
  3 death yaks (Shoals:3)
  2 deep elf knights
  A sea snake (Shoals:4)
  A deep elf archer (Elf:2)
  2 orb spiders (Spider:4)
  5 deep elf magi
  An orc knight (Orc:2)
  2 griffons
  A wolf spider (Lair:4)
  A moth of wrath (Spider:4)
  A demonic crawler (Spider:4)
  5 merfolk (Shoals:4)
  A wind drake (Shoals:3)
  3 jumping spiders (Lair:4)
  2 redbacks (Spider:4)
  A water elemental (Shoals:4)
  A tarantella (Spider:4)
  2 orc priests (Orc:2)
  2 orc wizards (Orc:2)
  An adder (D:10)
  An orc (Orc:2)
  A crawling corpse (Elf:3)
  3 tentacles (Shoals:4)
83 creatures vanquished.

Vanquished Creatures (others)
  A deep elf sorcerer (Elf:2)
  A merfolk javelineer (Shoals:4)
  2 satyrs
  An unseen horror (D:11)
  7 deep elf archers
  A wolf spider (Spider:4)
  4 deep elf magi
  3 fauns
  A redback (Spider:4)
  An orc warrior (Orc:1)
  An orc wizard (Elf:1)
  2 orcs (Elf:1)
  11 fungi
  7 plants
  5 tentacles (Shoals:4)
  279 tentacle segments (Shoals:4)
327 creatures vanquished.

Grand Total: 1983 creatures vanquished

Notes
Turn   | Place    | Note
--------------------------------------------------------------
     0 | D:1      | Aleksmastering the Demonspawn Berserker began the quest for the Orb.
     0 | D:1      | Reached XP level 1. HP: 18/18 MP: 1/1
   457 | D:1      | Gained mutation: You are surrounded by a mild repulsion field (EV +2). [demonic ancestry]
   457 | D:1      | Reached XP level 2. HP: 19/24 MP: 2/2
   788 | D:2      | Gained mutation: You regenerate a little health from kills. [demonic ancestry]
   788 | D:2      | Reached XP level 3. HP: 25/29 MP: 3/3
   984 | D:2      | Found a sacrificial altar of Ru.
  1097 | D:2      | Reached ** piety under Trog
  1615 | D:3      | Reached XP level 4. HP: 37/37 MP: 4/4
  1791 | D:3      | Noticed Sigmund
  1836 | D:4      | Gained mutation: You are slightly more attuned to the shadows. [demonic ancestry]
  1836 | D:4      | Reached XP level 5. HP: 42/42 MP: 5/5
  1883 | D:4      | Found a glowing drain.
  1921 | D:4      | Reached skill level 1 in Shields
  1953 | D:4      | Found a glowing golden altar of the Shining One.
  1988 | D:4      | Noticed Eustachio
  2043 | D:4      | Killed Eustachio
  2043 | D:4      | Reached skill level 2 in Shields
  2043 | D:4      | Reached XP level 6. HP: 11/49 MP: 6/6
  2532 | D:4      | Found a staircase to the Ecumenical Temple.
  2546 | Temple   | Entered the Ecumenical Temple
  2672 | D:4      | Found a glowing golden altar of the Shining One.
  2806 | D:4      | Reached skill level 3 in Shields
  2930 | D:4      | Found an oddly glowing altar of Pakellas.
  2933 | D:4      | Found a shattered altar of Ashenzari.
  2934 | D:4      | Found a bloodstained altar of Trog.
  2937 | D:4      | Found a basalt altar of Yredelemnul.
  2938 | D:4      | Found an ancient bone altar of Kikubaaqudgha.
  3081 | D:4      | Found a snail-covered altar of Cheibriados.
  3365 | D:5      | Entered Level 5 of the Dungeon
  3374 | D:5      | Noticed Prince Ribbit
  3500 | D:5      | Found a radiant altar of Vehumet.
  3712 | D:5      | Killed Prince Ribbit
  3712 | D:5      | Gained mutation: You have a pair of small antennae on your head. [demonic ancestry]
  3712 | D:5      | Reached XP level 7. HP: 25/55 MP: 7/7
  3890 | D:5      | Reached skill level 4 in Shields
  4057 | D:5      | Reached skill level 5 in Fighting
  4562 | D:5      | Noticed Duvessa
  4565 | D:5      | Noticed Dowan
  4572 | D:5      | Killed Duvessa
  4572 | D:5      | Reached XP level 8. HP: 63/63 MP: 8/8
  4578 | D:5      | Killed Dowan
  4578 | D:5      | Reached skill level 5 in Shields
  4737 | D:6      | Found a glowing silver altar of Zin.
  4819 | D:6      | Reached *** piety under Trog
  4825 | D:6      | Reached skill level 5 in Long Blades
  4825 | D:6      | Reached skill level 6 in Shields
  5026 | D:5      | HP: 3/96 [yak (7)]
  5488 | D:5      | Gained mutation: You regenerate health from kills. [demonic ancestry]
  5488 | D:5      | Reached XP level 9. HP: 70/70 MP: 9/9
  5584 | D:6      | Reached skill level 7 in Shields
  6241 | D:6      | Noticed Grinder
  6255 | D:6      | Killed Grinder
  6731 | D:7      | Found Tiaty's Book Shop.
  6881 | D:7      | Found Hixo Vam's Jewellery Shoppe.
  6902 | D:7      | Reached skill level 5 in Armour
  7014 | D:7      | Found a shadowy altar of Dithmenos.
  7162 | D:7      | Reached skill level 1 in Evocations
  7240 | D:7      | Found Viliseat's Armour Boutique.
  7280 | D:7      | Noticed schammes's ghost (novice DsCK)
  7497 | D:7      | Gained mutation: You occasionally shout uncontrollably at your foes. [potion of mutation]
  7497 | D:7      | Gained mutation: You are resistant to hostile enchantments. [potion of mutation]
  7497 | D:7      | Gained mutation: You have large cloven feet. [potion of mutation]
  7505 | D:7      | Found Xyrus's Book Shop.
  7592 | D:7      | Found Mielunig's Book Shoppe.
  7687 | D:8      | Reached **** piety under Trog
  7791 | D:8      | Found a sparkling altar of Nemelex Xobeh.
  7792 | D:8      | Found an opulent altar of Gozag.
  7948 | D:8      | Reached skill level 8 in Shields
  7993 | D:8      | Gained mutation: You have a pair of antennae on your head. [demonic ancestry]
  7993 | D:8      | Reached XP level 10. HP: 80/80 MP: 10/12
  8035 | D:8      | Noticed Grum
  8048 | D:8      | Killed Grum
  8498 | D:9      | Found a staircase to the Lair.
  9320 | D:10     | Entered Level 10 of the Dungeon
  9440 | D:7      | Bought the brooch of Shielding {Reflect SH+8} for 448 gold pieces
  9686 | Lair:1   | Entered Level 1 of the Lair of Beasts
  9746 | Lair:1   | Noticed daweed's ghost (journeyman TrBe)
  9867 | D:9      | Reached skill level 9 in Shields
 10173 | D:10     | Reached ***** piety under Trog
 10283 | D:10     | Noticed Erolcha
 10289 | D:10     | Killed Erolcha
 10289 | D:10     | Gained mutation: You are significantly more attuned to the shadows. [demonic ancestry]
 10289 | D:10     | Reached XP level 11. HP: 87/87 MP: 14/14
 10352 | D:10     | Noticed a hill giant
 10362 | D:10     | Killed a hill giant
 10702 | D:11     | Noticed a hill giant
 10727 | D:11     | Killed a hill giant
 11025 | D:11     | Reached skill level 10 in Shields
 11036 | D:11     | Killed an unseen horror
 11721 | D:11     | Killed an unseen horror
 12002 | D:12     | Noticed a four-headed hydra
 12159 | D:12     | Found a staircase to the Orcish Mines.
 13150 | Orc:1    | Entered Level 1 of the Orcish Mines
 13161 | Orc:1    | Received a gift from Trog
 13372 | Orc:1    | Reached skill level 11 in Shields
 13560 | Orc:1    | Noticed Snorg
 13591 | Orc:1    | Killed Snorg
 13626 | Orc:1    | Noticed an orc high priest
 13626 | Orc:1    | Noticed an orc warlord
 13627 | Orc:1    | Noticed an orc sorcerer
 13627 | Orc:1    | Noticed an orc knight
 13685 | D:13     | Noticed a centaur warrior
 13694 | D:13     | Killed a centaur warrior
 13694 | D:13     | Reached XP level 12. HP: 97/97 MP: 15/15
 13750 | D:13     | You fall through a shaft for 2 floors!
 13750 | D:15     | Entered Level 15 of the Dungeon
 13956 | D:13     | Reached skill level 10 in Fighting
 14090 | D:13     | Found a large runed door.
 14090 | D:13     | Found a large runed door.
 14243 | D:13     | Found a gate to the Vaults.
 15054 | D:13     | Noticed a centaur warrior
 15073 | D:13     | Killed a centaur warrior
 15647 | D:14     | Noticed Azrael
 15654 | D:14     | Reached skill level 12 in Shields
 15659 | D:14     | Noticed Agnes
 15666 | D:14     | Killed Azrael
 15728 | D:14     | Killed Agnes
 15805 | D:14     | Noticed a fire dragon
 15819 | D:14     | Killed a fire dragon
 15856 | D:14     | Gained mutation: You regenerate a lot of health from kills. [demonic ancestry]
 15856 | D:14     | Reached XP level 13. HP: 106/106 MP: 16/16
 15924 | D:14     | Received a gift from Trog
 16048 | D:14     | Got a fine scimitar {god gift}
 16049 | D:14     | Identified the +9 scimitar of Division {drain, Dex+7} (Trog gifted it to you on level 14 of the Dungeon)
 16278 | D:14     | Got a slimy scimitar
 16279 | D:14     | Identified the +4 scimitar "Ahuculi" {freeze, +Fly rPois} (You found it on level 14 of the Dungeon)
 17171 | Orc:1    | Killed an orc warlord
 17171 | Orc:1    | Reached skill level 13 in Shields
 17322 | Orc:1    | Received a gift from Trog
 17630 | Orc:2    | Entered Level 2 of the Orcish Mines
 17741 | Orc:2    | Noticed Donald
 17767 | Orc:1    | Noticed an orc warlord
 17772 | Orc:1    | Reached ****** piety under Trog
 17787 | Orc:1    | Killed an orc warlord
 17878 | Orc:2    | Killed Donald
 17878 | Orc:2    | Reached XP level 14. HP: 87/116 MP: 17/17
 17935 | Orc:2    | Noticed a stone giant
 17950 | Orc:2    | Killed a stone giant
 17950 | Orc:2    | Reached skill level 10 in Long Blades
 18310 | Orc:2    | Noticed Saint Roka
 18318 | Orc:2    | Killed Saint Roka
 18340 | Orc:2    | Received a gift from Trog
 18349 | Orc:2    | Reached skill level 10 in Armour
 18361 | Orc:2    | Found a roughly hewn altar of Beogh.
 18425 | Orc:2    | Found Wudaof's Antique Weapon Shop.
 18497 | Orc:2    | Found Apuhog's Antique Armour Shop.
 18505 | Orc:2    | Bought a pair of runed boots for 162 gold pieces
 18510 | Orc:2    | Identified a +0 pair of boots of running (You bought it in a shop on level 2 of the Orcish Mines)
 18520 | Orc:2    | Found Qoliqui's General Store.
 18536 | Orc:2    | Found Xogoeg's Jewellery Shop.
 18575 | Orc:2    | Found a staircase to the Elven Halls.
 18949 | Elf:1    | Entered Level 1 of the Elven Halls
 19183 | Elf:1    | Noticed a cacodemon
 19183 | Elf:1    | Noticed a deep elf sorcerer
 19262 | Orc:2    | Bought a pair of gloves for 162 gold pieces
 19283 | Orc:2    | Bought a meat ration for 75 gold pieces
 19387 | Orc:2    | Reached skill level 14 in Shields
 19518 | Orc:2    | Received a gift from Trog
 19931 | Elf:1    | Noticed Roxanne
 20493 | Elf:2    | Reached XP level 15. HP: 124/124 MP: 18/18
 20503 | Elf:2    | Killed a deep elf sorcerer
 20678 | Elf:2    | Received a gift from Trog
 20812 | Elf:1    | Killed Roxanne
 20891 | Elf:1    | Lost mutation: You have large cloven feet. [potion of cure mutation]
 20891 | Elf:1    | Lost mutation: You occasionally shout uncontrollably at your foes. [potion of cure mutation]
 20891 | Elf:1    | Lost mutation: You are resistant to hostile enchantments. [potion of cure mutation]
 20932 | Elf:1    | Identified Roxanne's Disquisition on the Rocks (You took it off Roxanne on level 1 of the Elven Halls)
 21304 | Elf:2    | Identified a scroll of acquirement
 21483 | Elf:2    | HP: 9/187 [fire crab (shapeshifter)] (6)]
 21808 | Orc:2    | Bought a scroll of fog for 30 gold pieces
 22471 | Lair:1   | Killed daweed's ghost
 22711 | Lair:1   | Received a gift from Trog
 22965 | Lair:1   | Noticed Joseph
 22982 | Lair:1   | Killed Joseph
 23752 | Lair:2   | Reached skill level 15 in Shields
 24020 | Lair:3   | Received a gift from Trog
 25637 | Lair:4   | Received a gift from Trog
 25746 | Lair:4   | Found a hole to the Spider Nest.
 25815 | Spider:1 | Entered Level 1 of the Spider Nest
 25843 | Spider:1 | Noticed Aizul
 25851 | Spider:1 | Killed Aizul
 26714 | Spider:1 | Gained mutation: You are completely attuned to the shadows. [demonic ancestry]
 26714 | Spider:1 | Reached XP level 16. HP: 134/134 MP: 19/19
 26898 | Spider:1 | Received a gift from Trog
 27906 | Spider:2 | Noticed Arachne
 27925 | Spider:2 | Killed Arachne
 28573 | Spider:3 | Reached skill level 16 in Shields
 28957 | Spider:3 | Received a gift from Trog
 29124 | Spider:4 | Entered Level 4 of the Spider Nest
 29371 | Spider:4 | Noticed Norris
 29389 | Spider:4 | Reached skill level 15 in Fighting
 29417 | Spider:4 | Killed Norris
 29769 | Spider:4 | Received a gift from Trog
 29804 | Spider:4 | Reached XP level 17. HP: 32/142 MP: 20/20
 29885 | Spider:4 | Got a gossamer rune of Zot
 30527 | Spider:4 | Received a gift from Trog
 31261 | Lair:5   | Noticed Maud
 31272 | Lair:5   | Killed Maud
 31355 | Lair:5   | Reached skill level 17 in Shields
 31543 | Lair:5   | Found a frozen archway.
 32244 | Lair:5   | You fall through a shaft for 3 floors!
 32244 | Lair:8   | Entered Level 8 of the Lair of Beasts
 32340 | Lair:8   | Got a glittering ivory ring
 32343 | Lair:8   | Identified the ring of the Genius {rC+ Stlth-} (You found it on level 8 of the Lair of Beasts)
 32524 | Lair:8   | Received a gift from Trog
 32633 | Lair:8   | Received a gift from Trog
 33090 | Lair:8   | Got a pair of fine gloves
 33101 | Lair:8   | Identified the +0 pair of gloves of Dogh {Slay+5} (You acquired it on level 8 of the Lair of Beasts)
 33638 | Lair:7   | Received a gift from Trog
 33775 | Lair:7   | Found a viscous altar of Jiyva.
 33776 | Lair:7   | Found a staircase to the Slime Pits.
 34689 | Lair:6   | Found a dark tunnel.
 34695 | Volcano  | Entered a volcano
 34899 | Volcano  | Found a burning altar of Makhleb.
 35023 | Volcano  | Reached skill level 5 in Evocations
 35023 | Volcano  | Reached XP level 18. HP: 151/151 MP: 21/21
 35377 | Lair:6   | Received a gift from Trog
 35378 | Lair:6   | Got a jewelled falchion {god gift}
 35379 | Lair:6   | Identified the +3 falchion of Departure {slice, Str+2} (Trog gifted it to you on level 6 of the Lair of Beasts)
 35424 | Lair:6   | Found a staircase to the Shoals.
 36212 | Shoals:1 | Entered Level 1 of the Shoals
 36501 | Shoals:1 | Got a bloodstained dagger
 36543 | Shoals:1 | Identified the cursed +0 dagger "Pooseot" {freeze, rElec Int+2} (You found it on level 1 of the Shoals)
 36553 | Shoals:1 | Found a runed door.
 37020 | Shoals:2 | Gained mutation: You have a pair of large antennae on your head (SInv). [demonic ancestry]
 37020 | Shoals:2 | Reached XP level 19. HP: 155/159 MP: 22/22
 37349 | Shoals:2 | Got a jewelled great sword
 37672 | Shoals:2 | Received a gift from Trog
 37673 | Shoals:2 | Got an iridescent great sword {god gift}
 37699 | Shoals:2 | Reached skill level 18 in Shields
 37964 | Shoals:3 | Gained mutation: You are clumsy. (Dex -2) [potion of mutation]
 37964 | Shoals:3 | Gained mutation: Scrolls take you a little longer to read. [potion of mutation]
 37964 | Shoals:3 | Gained mutation: Scrolls take you longer to read. [potion of mutation]
 37965 | Shoals:3 | Lost mutation: You are clumsy. (Dex -2) [potion of cure mutation]
 37965 | Shoals:3 | Lost mutation: Scrolls take you longer to read. [potion of cure mutation]
 37965 | Shoals:3 | Lost mutation: Scrolls take you a little longer to read. [potion of cure mutation]
 38040 | Shoals:3 | Noticed Polyphemus
 38057 | Shoals:3 | Killed Polyphemus
 38479 | Shoals:3 | Noticed Kloppie's ghost (adept HOBe)
 38521 | Shoals:3 | Killed Kloppie's ghost
 38698 | Shoals:4 | Entered Level 4 of the Shoals
 38808 | Shoals:4 | Noticed Ilsuiw
 38883 | Shoals:4 | Killed Ilsuiw
 38883 | Shoals:4 | Received a gift from Trog
 39900 | Shoals:4 | Got a barnacled rune of Zot
 40505 | Lair:5   | Received a gift from Trog
 41689 | Elf:2    | Found a gateway to a bazaar.
 41696 | Bazaar   | Entered a bazaar
 41707 | Bazaar   | Found Lytapheh's Antique Weapon Boutique.
 41718 | Bazaar   | Found Foagret's Antique Armour Emporium.
 41724 | Bazaar   | Bought a runed cloak for 99 gold pieces
 41738 | Bazaar   | Found Ahus's Magic Scroll Emporium.
 41749 | Bazaar   | Found Raruts's General Store.
 41754 | Bazaar   | Bought a scroll of remove curse for 42 gold pieces
 41754 | Bazaar   | Bought a scroll of enchant armour for 105 gold pieces
 41754 | Bazaar   | Bought the cursed +0 pair of gloves of Refuge {rPois rF+ Str+2 Dex-3} for 246 gold pieces
 41754 | Bazaar   | Bought a scroll of identify for 28 gold pieces
 41774 | Bazaar   | Found Sesew's Jewellery Shoppe.
 41849 | Bazaar   | Bought a scroll of remove curse for 36 gold pieces
 41849 | Bazaar   | Bought a scroll of teleportation for 36 gold pieces
 41849 | Bazaar   | Bought a scroll of remove curse for 36 gold pieces
 41849 | Bazaar   | Bought a scroll of identify for 24 gold pieces
 41849 | Bazaar   | Bought a scroll of remove curse for 36 gold pieces
 41849 | Bazaar   | Bought a scroll of summoning for 114 gold pieces
 41849 | Bazaar   | Bought a scroll of remove curse for 36 gold pieces
 41870 | Bazaar   | Bought a transparent falchion for 192 gold pieces
 41873 | Bazaar   | Identified the +11 falchion of Fury {drain, rC+ MR+ Int+4} (You bought it in a shop in a bazaar)
 42024 | Elf:2    | Found a runed gate.
 42024 | Elf:2    | Found a runed gate.
 42024 | Elf:2    | Found a runed gate.
 42309 | Elf:2    | Noticed Louise
 42326 | Elf:2    | Killed Louise
 42326 | Elf:2    | Reached XP level 20. HP: 160/168 MP: 25/25
 42844 | Elf:3    | Entered Level 3 of the Elven Halls
 42887 | Elf:3    | Found a magical portal.
 42893 | WizLab   | Entered The Chambers of Poebuuj the Cloud Mage
 43283 | WizLab   | Reached skill level 19 in Shields
 44129 | Elf:3    | Received a gift from Trog
 44398 | Elf:3    | Gained mutation: You are dopey. (Int -2) [a neqoxec]
 44475 | Elf:3    | Got a glittering silver amulet
 44477 | Elf:3    | Identified the amulet "Tofy" {Gourm Dex+2} (You found it on level 3 of the Elven Halls)
 44756 | Elf:3    | Received a gift from Trog
 44780 | Elf:3    | Got a smoking scimitar {god gift}
 44781 | Elf:3    | Identified the +11 scimitar of the Present {drain, rF++ Int-2} (Trog gifted it to you on level 3 of the Elven Halls)
 44839 | Elf:3    | Got an ancient halberd
 44885 | Elf:3    | Got a fine scimitar
 44886 | Elf:3    | Identified the +7 scimitar of Dishonesty {speed, rN+++ MR+++ MP-9 Str-2} (You found it on level 3 of the Elven Halls)
 46024 | Slime:1  | Entered Level 1 of the Pits of Slime
 46278 | Orc:2    | Bought a shiny swamp dragon armour for 1800 gold pieces
 46834 | Slime:1  | Gained mutation: You are surrounded by a moderate repulsion field (EV +3). [demonic ancestry]
 46834 | Slime:1  | Reached XP level 21. HP: 178/178 MP: 18/27
 48027 | Slime:1  | Received a gift from Trog
 49000 | Slime:2  | Gained mutation: You are occasionally teleported next to monsters. [a shining eye]
 49005 | Slime:2  | Gained mutation: You tend to lose your temper in combat. [a shining eye]
 49245 | Slime:4  | Reached skill level 20 in Shields
 49331 | Slime:4  | Received a gift from Trog
 49344 | Slime:4  | Slain by a large slime creature

Skill      XL: |  1  2  3  4  5  6  7  8  9 10 11 12 13 14 15 16 17 18 19 20 21 |
---------------+----------------------------------------------------------------+-----
Long Blades    | 3 4 5 6 7 8 9 11 12 13 14 | 14.4
Armour         | 2 3 4 5 6 7 8 9 10 11 12 13 14 | 14.6
Fighting       | 4 5 6 7 8 9 11 12 13 14 15 16 17 18 | 18.8
Shields        | 2 3 4 6 8 9 11 12 13 14 15 16 17 18 19 20 | 20.0
Evocations     | 2 4 5 7 9 |  9.4
Dodging        | |  1.8

Action                   |  1- 3 |  4- 6 |  7- 9 | 10-12 | 13-15 | 16-18 | 19-21 || total
-------------------------+-------+-------+-------+-------+-------+-------+-------++-------
Melee: Falchion          |   105 |   238 |   397 |  1056 |    52 |       |   954 ||  2802
       Kick              |       |       |    34 |   401 |   210 |       |       ||   645
       Scimitar          |       |       |       |       |  1282 |  1266 |   937 ||  3485
       Demon blade       |       |       |       |       |       |   229 |    10 ||   239
Throw: Javelin           |       |       |    34 |    75 |    40 |    15 |    46 ||   210
       Tomahawk          |       |       |       |       |     3 |     4 |       ||     7
Invok: Berserk           |     2 |     5 |     9 |    18 |    20 |     6 |    10 ||    70
       Burn Spellbooks   |       |       |     1 |     4 |     5 |     6 |     3 ||    19
       Brothers in Arms  |       |       |       |     2 |     3 |     3 |    12 ||    20
       Trog's Hand       |       |       |       |     1 |     2 |     1 |     2 ||     6
 Abil: Evoke Flight      |       |       |       |       |       |       |     1 ||     1
Evoke: Sack of spiders   |       |       |       |     2 |       |       |     4 ||     6
       Wand              |       |       |       |       |    26 |     3 |     6 ||    35
       Deck              |       |       |       |       |       |     1 |     2 ||     3
       Lamp of fire      |       |       |       |       |       |       |     5 ||     5
       Fan of gales      |       |       |       |       |       |       |     3 ||     3
       Stone of tremors  |       |       |       |       |       |       |     3 ||     3
  Use: Scroll            |     4 |     2 |     7 |     6 |    20 |    11 |    18 ||    68
       Potion            |       |     4 |     5 |     5 |     9 |     5 |    14 ||    42
 Stab: Invisible         |       |       |     2 |       |       |       |       ||     2
       Sleeping          |       |       |       |     4 |    25 |    37 |    18 ||    84
       Distracted        |       |       |       |       |     2 |    11 |     8 ||    21
  Eat: Chunk             |     4 |     4 |    14 |    33 |    39 |    13 |    53 ||   160
       Meat ration       |       |     1 |     1 |     3 |     3 |     4 |     4 ||    16
       Bread ration      |       |     1 |       |     1 |       |       |     1 ||     3
       Royal jelly       |       |     1 |       |       |       |     1 |       ||     2
       Pizza             |       |       |     1 |     1 |       |       |     1 ||     3
       Beef jerky        |       |       |       |       |     1 |     3 |     4 ||     8
Armor: Animal skin       |     8 |       |       |       |       |       |       ||     8
       Ring mail         |    28 |    57 |       |       |       |       |       ||    85
       Skin              |       |    13 |       |       |    12 |       |     7 ||    32
       Leather armour    |       |    24 |    53 |    47 |     8 |     2 |       ||   134
       Quicksilver drago |       |       |       |       |   252 |   401 |   249 ||   902
       Swamp dragon armo |       |       |       |       |       |       |    54 ||    54
Dodge: Dodged            |    84 |   126 |   138 |   215 |   280 |   372 |   270 ||  1485
Block: Shield            |       |   119 |   125 |       |       |       |       ||   244
       Large shield      |       |       |   126 |  1352 |  1879 |  2244 |  2213 ||  7814
       Reflection        |       |       |       |    22 |    74 |    21 |   121 ||   238
